 Dungeon Crawl Stone Soup version 0.27.1 (webtiles) character file.

Game seed: 5516172038429281248

170 Kala the Ruffian (level 5, -1/40 HPs)
             Began as a Draconian Transmuter on Sept 1, 2021.
             Was a Priest of Lugonu.
             Succumbed to raetorn's ghost's poison
             ... on level 4 of the Dungeon.
             The game lasted 00:11:24 (3179 turns).

Kala the Ruffian (Draconian Transmuter)             Turns: 3179, Time: 00:11:24

Health: -1/40      AC:  2    Str: 13    XL:     5   Next: 25%
Magic:  3/8        EV: 20    Int: 19    God:    Lugonu [***...]
Gold:   117        SH:  0    Dex: 23    Spells: 2/8 levels left

rFire    . . .     SeeInvis .     - Unarmed
rCold    . . .     Faith    .   (shield currently unavailable)
rNeg     . . .     Spirit   .   (armour unavailable)
rPois    x         Reflect  .   (helmet currently unavailable)
rElec    .         Harm     .   (cloak currently unavailable)
rCorr    .         Rampage  .   (gloves currently unavailable)
Will     .....                  (boots currently unavailable)
Stlth    +.........             (no amulet)
HPRegen  0.13/turn              d - +6 ring of intelligence
MPRegen  0.11/turn              f - +6 ring of dexterity

@: confused, lethally poisoned (-1 -> -14), spider-form (expiring)
A: venomous fangs, AC +5, tiny, unfitting armour, (cold-blooded)
a: End Transformation, Renounce Religion, Depart the Abyss, Bend Space, Banish


You were on level 4 of the Dungeon.
You worshipped Lugonu.
Lugonu was most pleased with you.
You were a venomous arachnid creature.
You visited 1 branch of the dungeon, and saw 4 of its levels.

You collected 117 gold pieces.

Inventory:

Jewellery
 d - a +6 ring of intelligence (left front leg)
 f - a +6 ring of dexterity (right front leg)
 k - a ring of flight
Scrolls
 e - a scroll of teleportation
 h - a scroll of torment
Potions
 a - 2 potions of heal wounds {unknown}
 b - 3 potions of mutation {unknown}
 c - 2 potions of might {unknown}
 g - a potion of cancellation {unknown}
 i - a potion of brilliance {unknown}
 j - a potion of resistance {unknown}
 l - a potion of lignification {unknown}


   Skills:
 + Level 1.5 Fighting
 + Level 2.1 Dodging
 + Level 0.3 Stealth
 * Level 1.6 Shields
 + Level 3.8 Unarmed Combat
 + Level 2.2 Spellcasting
 * Level 3.3 Transmutations
 * Level 1.8 Poison Magic


You had 2 spell levels left.
You knew the following spells:

 Your Spells              Type           Power      Damage    Failure   Level
a - Beastly Appendage     Tmut           28%        N/A       13%         1
b - Wereblood             Tmut           14%        N/A       17%         2
c - Spider Form           Tmut/Pois      5%         N/A       36%         3

Your spell library contained the following spells:

 Spells                   Type           Power      Damage    Failure   Level
 Ice Form                 Ice/Tmut       8%         N/A       82%         4


Dungeon Overview and Level Annotations

Branches:
Dungeon (4/15)
 Temple: D:4-7

Altars:
Lugonu

Shops:
D:2 [

Annotations:
D:3 1 runed translucent door, VolelikeOfTheReadme's ghost, amateur DjFE
D:4 raetorn's ghost, amateur DjWz


Innate Abilities, Weirdness & Mutations

You are a venomous arachnid creature.
You have poisonous fangs.
You are tiny and dextrous.
Your spellcasting is less reliable in this form.
Your armour is entirely melded.
You are incapable of wielding weapons or throwing items.
((Your plain brown scales are hard. (AC +5)))
You cannot fit into any form of body armour.
((You are cold-blooded and may be slowed by cold attacks.))


Message History

You closely miss raetorn's ghost.
Raetorn's ghost is lightly damaged.
Raetorn's ghost barely misses you.
You barely miss raetorn's ghost.
Raetorn's ghost is lightly damaged.
Raetorn's ghost closely misses you.
You hit raetorn's ghost.
Raetorn's ghost is lightly damaged.
Raetorn's ghost casts a spell at you. Pain shoots through your body!
* * * LOW HITPOINT WARNING * * *
You hit raetorn's ghost but do no damage.
Raetorn's ghost is lightly damaged.
Raetorn's ghost misses you.
You hit raetorn's ghost but do no damage.
Raetorn's ghost is lightly damaged.
Your transformation is almost over.
Raetorn's ghost mumbles some strange words.
Raetorn's ghost blinks!
The ice beast closely misses you.
Your primal bloodlust has ended.
The ice beast closely misses you. Raetorn's ghost casts a spell at you.
The ball explodes into a vile cloud!
The stinking cloud engulfs you but does no damage.
The stinking cloud engulfs the ice beast but does no damage.
You hit the ice beast but do no damage.
You are engulfed in noxious fumes.
You choke on the stench!
You are confused.
The ice beast hits you but does no damage.
You are engulfed in noxious fumes.
You choke on the stench!
You are more confused.
Raetorn's ghost hits you.
* * * LOW HITPOINT WARNING * * *
You are lethally poisoned!
You're too confused to move!
You are engulfed in noxious fumes.
You choke on the stench!
You are more confused.
* * * LOW HITPOINT WARNING * * *
You die...

)###'''###.......
##.......##..####
#.........##.##
##..........#..##
#...####....##..#
# ##..##
###...#.)##
#.#..## #..#....
#.#°Y# ..#...#
#.#.s## .##..#
#.##W.# .. #..# #
#.........Y. #..#
##...####..# ...#
##### #


You could see an ice beast and raetorn's ghost.

Vanquished Creatures
  Ijyb (D:3)
  An orc wizard (D:4)
  A scorpion simulacrum (D:4)
  3 adders
  A hound simulacrum (D:4)
  2 worms
  A dart slug (D:2)
  2 adder simulacra (D:4)
  4 orcs (D:4)
  4 ball pythons
  An endoplasm (D:2)
  A giant cockroach (D:3)
  10 goblins
  8 hobgoblins
  3 jackals (D:2)
  A kobold (D:3)
  2 quokkas (D:1)
  3 bats
  2 frilled lizards
  6 rats
57 creatures vanquished.

Notes
Turn   | Place    | Note
-------+----------+-------------------------------------------
     0 | D:1      | Kala the Draconian Transmuter began the quest for the Orb.
     0 | D:1      | Reached XP level 1. HP: 16/16 MP: 3/3
   242 | D:1      | Found a faded altar of an unknown god.
   253 | D:1      | Became a worshipper of Lugonu the Unformed
   253 | D:1      | Reached * piety under Lugonu
   253 | D:1      | Reached ** piety under Lugonu
   287 | D:1      | Reached XP level 2. HP: 23/23 MP: 1/5
   290 | D:1      | Learned a level 2 spell: Wereblood
  1015 | D:2      | Reached XP level 3. HP: 18/27 MP: 6/6
  1326 | D:2      | Found Uxegoywn's Antique Armour Shoppe.
  1689 | D:2      | Reached skill level 1 in Shields
  1809 | D:2      | You fall into a shaft and drop 1 floor!
  2202 | D:3      | Reached XP level 4. HP: 35/35 MP: 5/7
  2218 | D:3      | Found a runed translucent door.
  2218 | D:3      | Noticed a bullfrog
  2219 | D:3      | Noticed VolelikeOfTheReadme's ghost (amateur DjFE)
  2311 | D:3      | Noticed Ijyb
  2351 | D:3      | Killed Ijyb
  2822 | D:4      | Learned a level 3 spell: Spider Form
  2848 | D:4      | Reached *** piety under Lugonu
  2849 | D:4      | Reached skill level 1 in Poison Magic
  3077 | D:4      | Noticed an ice beast
  3082 | D:4      | Found a runed translucent gate.
  3082 | D:4      | Found a runed translucent gate.
  3082 | D:4      | Found a runed translucent gate.
  3118 | D:4      | Reached XP level 5. HP: 40/40 MP: 6/8
  3158 | D:4      | Noticed raetorn's ghost (amateur DjWz)
  3179 | D:4      | HP: 2/40 [raetorn's ghost] (2)]
  3179 | D:4      | Succumbed to raetorn's ghost's poison

Illustrated notes

Levels and vault maps discovered:
D:1:      eino_arrival_water_cross, layout_basic,
          ebering_ecumenical_altar_ruins, grunt_decor_arrowhead, nrook_campfire
D:2:      layout_basic, serial_shops, shop
D:3:      layout_rooms, ebering_ghost_inner_flame, uniq_ijyb
D:4:      layout_loops_ring, kennysheep_mini, gammafunk_ghost_icy

Skill      XL: |  1  2  3  4 |
---------------+-------------+-----
Dodging        | 2 |  2.1
Shields        | 1 |  1.6
Transmutations | 3 |  3.3
Poison Magic   | 1 |  1.8
Fighting       | |  1.5
Stealth        | |  0.3
Unarmed Combat | |  3.8
Spellcasting   | |  2.2

Action                   |  1- 3 |  4- 6 || total
-------------------------+-------+-------++-------
Melee: Unarmed           |   101 |    83 ||   184
       Headbutt          |    16 |     3 ||    19
       Kick              |     9 |    10 ||    19
       Tailslap          |     9 |     4 ||    13
 Cast: Beastly Appendage |    27 |     7 ||    34
       Wereblood         |     1 |     2 ||     3
       Spider Form       |       |     3 ||     3
  Use: Scroll            |     3 |     1 ||     4
Armor: Skin              |    33 |     7 ||    40
Dodge: Dodged            |    54 |    37 ||    91
